 Dungeon Crawl Stone Soup version 0.28.0-43-g3370ac3207 (webtiles) character file.

Game seed: 5991884484039708320

31722 DoubleLucky the Fighter (level 13, -4/117 HPs)
             Began as a Yellow Draconian Fire Elementalist on Mar 26, 2022.
             Was an Elder of Vehumet.
             Slain by a white ugly thing (19 damage)
             ... on level 12 of the Dungeon.
             The game lasted 01:38:28 (19250 turns).

DoubleLucky the Fighter (DrFE)                     Turns: 19250, Time: 01:38:29

Health: -4/117     AC: 18    Str: 14    XL:     13   Next: 27%
Magic:  34/35      EV: 14    Int: 21    God:    Vehumet [****..]
Gold:   947        SH:  0    Dex: 11    Spells: 15/30 levels left

rFire   . . .      SeeInvis .   u - +5 dagger (elec)
rCold   . . .      Faith    .   (no shield)
rNeg    . . .      Spirit   .   (armour unavailable)
rPois   .          Reflect  .   (helmet restricted)
rElec   .          Harm     .   t - scarf {repulsion}
rCorr   +          Rampage  .   B - +2 pair of gloves {Str+3}
Will    .....                   C - +2 pair of boots
Stlth   ++........              s - amulet of regeneration
HPRegen 1.09/turn               D - +4 ring of protection
MPRegen 0.24/turn               L - ring of magical power

@: slowed, repel missiles, very slow
A: spit acid, AC +8, unfitting armour, cold-blooded, acid resistance
a: Breathe Acid, Renounce Religion


You were on level 12 of the Dungeon.
You worshipped Vehumet.
Vehumet was greatly pleased with you.
You visited 3 branches of the dungeon, and saw 18 of its levels.

You collected 1119 gold pieces.
You spent 172 gold pieces at shops.

Inventory:

Hand Weapons
 u - a +5 dagger of electrocution (weapon)
Missiles
 n - 20 poisoned darts
 r - 5 curare-tipped darts
 F - 4 throwing nets
Armour
 t - a scarf of repulsion (worn)
 B - a +2 pair of gloves of strength (worn)
 C - a +2 pair of boots (worn)
Jewellery
 c - a ring of protection from cold
 o - an amulet of faith
 p - a +6 ring of strength
 s - an amulet of regeneration (around neck)
 D - a +4 ring of protection (left hand)
 L - a ring of magical power (right hand)
 P - a +4 ring of protection
Wands
 A - a wand of acid (4)
 E - a wand of polymorph (6)
 H - a wand of flame (34)
 K - a wand of iceblast (3)
Scrolls
 b - 7 scrolls of teleportation
 e - a scroll of holy word {unknown}
 f - a scroll of silence {unknown}
 i - a scroll of summoning {unknown}
 j - 3 scrolls of fear
 v - 5 scrolls of magic mapping
 w - 2 scrolls of amnesia {unknown}
 x - 2 scrolls of enchant armour
 y - 3 scrolls of immolation
 J - a scroll of noise {unknown}
 M - a scroll of brand weapon {unknown}
 O - a scroll of fog {unknown}
 R - a scroll of blinking {unknown}
Potions
 a - 6 potions of magic
 d - 3 potions of might
 g - 3 potions of invisibility
 h - a potion of brilliance {unknown}
 k - 2 potions of cancellation
 l - 2 potions of heal wounds
 m - 2 potions of curing
 q - 5 potions of flight
 z - 2 potions of attraction {unknown}
 G - 2 potions of berserk rage {unknown}
 N - a potion of mutation {unknown}
 Q - a potion of ambrosia {unknown}


   Skills:
 + Level 11.8 Fighting
 * Level 11.5 Short Blades
 + Level 6.5 Dodging
 - Level 1.7 Stealth
 - Level 9.0 Spellcasting
 - Level 1.0 Conjurations
 - Level 5.0 Translocations
 + Level 11.4 Fire Magic


You had 15 spell levels left.
You knew the following spells:

 Your Spells              Type           Power      Damage    Failure   Level
a - Foxfire               Conj/Fire      100%       2x1d9     1%          1
b - Scorch                Fire           100%       2d10      1%          2
c - Inner Flame           Hex/Fire       33%        N/A       1%          3
d - Conjure Flame         Conj/Fire      35%        6-21      1%          3
e - Blink                 Tloc           60%        N/A       1%          2
f - Flame Wave            Conj/Fire      35%        2d8       1%          4

Your spell library contained the following spells:

 Spells                   Type           Power      Damage    Failure   Level
 Orb of Destruction       Conj           6%         9d6       100%        7
 Slow                     Hex            36%        N/A       7%          1
 Ensorcelled Hibernation  Hex/Ice        18%        N/A       11%         2
 Spider Form              Tmut/Pois      9%         N/A       22%         3
 Manifold Assault         Tloc           30%        N/A       26%         5
 Anguish                  Hex/Necr       4%         N/A       56%         4
 Animate Dead             Necr           4%         N/A       56%         4
 Summon Mana Viper        Hex/Summ       9%         N/A       89%         5
 Haunt                    Necr/Summ      4%         N/A       100%        7
 Spellforged Servitor     Conj/Summ      5%         N/A       100%        7
 Storm Form               Tmut/Air       4%         N/A       100%        7
 Infestation              Necr           4%         N/A       100%        8


Dungeon Overview and Level Annotations

Branches:
Dungeon (12/15)            Temple (1/1) D:6            Lair (5/6) D:8
 Shoals (0/4) Lair:3       Spider (0/4) Lair:3          Orc (0/2) D:10
  Slime: Lair:5-6

Altars:
Ashenzari
Cheibriados
Dithmenos
Elyvilon
Fedhas
Gozag
Hepliaklqana
Kikubaaqudgha
Makhleb
Nemelex Xobeh
Okawaru
Qazlal
Ru
Sif Muna
Trog
Uskayaw
Vehumet
Wu Jian
Xom
Yredelemnul
Zin
The Shining One

Shops:
D:1 *   D:10 (:

Annotations:
D:3 exclusion: downstairs
D:7 exclusion: oklob plant
Lair:1 exclusion: oklob plant


Innate Abilities, Weirdness & Mutations

You can spit globs of acid.
Your golden yellow scales are hard. (AC +8)
You cannot fit into any form of body armour.
You are cold-blooded and may be slowed by cold attacks.
You are resistant to acid. (rCorr)


Message History

You hit the white ugly thing.
The white ugly thing is moderately wounded.
The white ugly thing tail-slaps you. The white ugly thing freezes you!
You feel yourself slow down.
You puncture the white ugly thing!
The white ugly thing is heavily wounded.
The white ugly thing tail-slaps you! The white ugly thing freezes you!!
You feel as though you will be slow longer.
You hit the white ugly thing but do no damage.
Lightning courses through the white ugly thing!
The white ugly thing is heavily wounded.
Casting: Scorch (safe; 1% risk of failure)
Confirm with . or Enter, or press ? or * to list all spells.
You conjure some foxfire!
The white ugly thing tail-slaps you. The white ugly thing freezes you!!
You feel as though you will be slow longer.
The white ugly thing misses you.
You hit the white ugly thing.
You tail-slap the white ugly thing, but do no damage.
The white ugly thing is severely wounded.
The white ugly thing is no longer more vulnerable to fire.
The foxfire hits the white ugly thing.
The white ugly thing is severely wounded.
The foxfire hits the white ugly thing but does no damage.
The white ugly thing is severely wounded.
The white ugly thing tail-slaps you but does no damage.
You hit the white ugly thing.
Lightning courses through the white ugly thing!!
The white ugly thing is almost dead.
You closely miss the white ugly thing.
The white ugly thing is almost dead.
The white ugly thing tail-slaps you!
* * * LOW HITPOINT WARNING * * *
The white ugly thing freezes you!!
* * * LOW HITPOINT WARNING * * *
You feel better. The white ugly thing barely misses you.
The white ugly thing tail-slaps you!
* * * LOW HITPOINT WARNING * * *
The white ugly thing freezes you!!
You die...

#..# ##.# #.## #..#
#.# #.## #.#
#####'#### #'###
#####........# ....#
#...'........#
)...####.###........#
....'....# #........#
....###### #....@...#
##### #####u#### #.#
# ..# # .## # .. # .#
## #. .#########


You could see a white ugly thing.

Vanquished Creatures
  Erolcha (D:8)
  2 hydras
  Harold (D:7)
  5 two-headed ogres
  A slime creature (D:10)
  Pikel (D:7)
  2 cyclopes
  2 torpor snails (Lair:4)
  A rime drake (Lair:2)
  2 unseen horrors
  5 cane toads
  An efreet (D:12)
  7 komodo dragons
  A kobold demonologist (D:12)
  3 trolls
  3 polar bears
  2 hornets
  11 blink frogs
  Sigmund (D:5)
  3 culicivoras (Lair:3)
  A shadow (D:9)
  A wyvern (D:9)
  41 yaks
  3 wraiths
  A basilisk (Lair:2)
  3 steam dragons
  Edmund (D:5)
  13 water moccasins
  2 acid dragons
  8 orc warriors
  A hornet zombie (D:9)
  4 black bears
  A necrophage (D:6)
  4 wolves (Lair:4)
  2 ogres (D:5)
  7 centaurs
  A kobold brigand (D:7)
  2 phantoms
  9 bullfrogs
  2 gnoll sergeants
  2 scorpions
  A water moccasin skeleton (D:3)
  6 killer bees
  15 wights
  An electric eel (Lair:1)
  12 howler monkeys
  A crimson imp (D:6)
  2 centaur zombies
  3 hounds (D:5)
  A jelly (D:5)
  8 orc priests
  A gnoll shaman (D:8)
  4 iguanas
  11 orc wizards
  A hound skeleton (D:3)
  2 howler monkey zombies
  A howler monkey skeleton (D:5)
  7 adders
  16 gnolls
  A shadow imp (D:5)
  2 white imps
  An adder skeleton (D:4)
  3 dart slugs
  61 orcs
  8 ball pythons
  6 endoplasms
  3 giant cockroaches
  4 goblins
  5 hobgoblins
  3 jackals (D:4)
  15 kobolds
  6 quokkas
  4 bats (D:1)
  5 frilled lizards
  7 rats
391 creatures vanquished.

Vanquished Creatures (collateral kills)
  9 foxfires
9 creatures vanquished.

Vanquished Creatures (others)
  A shadow (D:9)
  An orc wizard (D:7)
  1197 foxfires
  23 fungi
  47 plants
  10 toadstools (D:7)
1279 creatures vanquished.

Grand Total: 1679 creatures vanquished

Notes
Turn   | Place    | Note
-------+----------+-------------------------------------------
     0 | D:1      | DoubleLucky the Draconian Fire Elementalist began the quest
                  | for the Orb.
     0 | D:1      | Reached XP level 1. HP: 14/14 MP: 3/3
   357 | D:1      | Reached XP level 2. HP: 20/20 MP: 1/5
   414 | D:1      | Found a faded altar of an unknown god.
   877 | D:1      | Reached XP level 3. HP: 27/27 MP: 3/6
  1128 | D:1      | Found Ebrairie's Assorted Antiques.
  1171 | D:2      | Reached skill level 1 in Fighting
  2170 | D:2      | Learned a level 2 spell: Scorch
  2187 | D:3      | Reached XP level 4. HP: 36/36 MP: 4/8
  2740 | D:4      | Noticed a scorpion
  2782 | D:4      | Reached XP level 5. HP: 40/42 MP: 9/9
  3075 | D:4      | Reached skill level 1 in Short Blades
  3291 | D:4      | Reached XP level 6. HP: 51/51 MP: 5/11
  4215 | D:5      | Entered Level 5 of the Dungeon
  4394 | D:5      | Reached skill level 5 in Fire Magic
  4430 | D:5      | Your scales start taking on a golden yellow colour.
  4430 | D:5      | Reached XP level 7. HP: 46/59 MP: 2/13
  4430 | D:5      | Gained mutation: You are resistant to acid. (rCorr) [Yellow
                  | Draconian growth]
  4467 | D:5      | Noticed a steam dragon
  4478 | D:5      | Killed a steam dragon
  4770 | D:5      | Reached skill level 5 in Fighting
  4770 | D:5      | Reached XP level 8. HP: 68/68 MP: 10/15
  4777 | D:5      | Reached skill level 5 in Spellcasting
  5615 | D:5      | Noticed Edmund
  5627 | D:5      | Killed Edmund
  5737 | D:5      | Noticed Sigmund
  5740 | D:5      | Killed Sigmund
  6051 | D:6      | Found a staircase to the Ecumenical Temple.
  6059 | Temple   | Entered the Ecumenical Temple
  6096 | Temple   | Became a worshipper of Vehumet
  6134 | D:6      | Reached skill level 5 in Short Blades
  6639 | D:6      | Reached XP level 9. HP: 75/75 MP: 11/17
  6739 | D:1      | Bought a pair of runed gloves for 172 gold pieces
  6940 | D:6      | Found a hazy altar of Hepliaklqana.
  6940 | D:6      | Found a stormy altar of Qazlal.
  6948 | D:6      | Found an iron altar of Okawaru.
  6950 | D:6      | Found an opulent altar of Gozag.
  6952 | D:6      | Found a burning altar of Makhleb.
  7619 | D:7      | Noticed Harold
  7647 | D:7      | Killed Harold
  8303 | D:7      | Found a shadowy altar of Dithmenos.
  8303 | D:7      | Found a shimmering altar of Xom.
  8478 | D:7      | Noticed Pikel
  8625 | D:7      | Killed Pikel
  8881 | D:7      | Learned a level 3 spell: Inner Flame
  8885 | D:7      | Learned a level 3 spell: Conjure Flame
  9031 | D:7      | Found a blossoming altar of Fedhas.
  9052 | D:7      | Noticed an oklob plant
  9424 | D:8      | Reached XP level 10. HP: 88/88 MP: 15/20
  9464 | D:8      | Reached skill level 1 in Translocations
  9611 | D:8      | Reached * piety under Vehumet
  9611 | D:8      | Offered knowledge of Shock by Vehumet.
  9875 | D:8      | Found a staircase to the Lair.
  9963 | D:8      | Noticed a two-headed ogre
 10009 | D:8      | Killed a two-headed ogre
 10438 | D:8      | Noticed a two-headed ogre
 10443 | D:8      | Killed a two-headed ogre
 10568 | Lair:1   | Entered Level 1 of the Lair of Beasts
 10630 | Lair:1   | Noticed a cane toad
 10633 | Lair:1   | Killed a cane toad
 10690 | Lair:1   | Found an iron altar of Okawaru.
 10691 | Lair:1   | Noticed an oklob plant
 10774 | Lair:1   | Learned a level 2 spell: Blink
 11056 | Lair:1   | Found an ornate altar of the Wu Jian Council.
 11138 | Lair:1   | Reached XP level 11. HP: 97/97 MP: 18/23
 12189 | Lair:2   | Offered knowledge of Searing Ray by Vehumet.
 12216 | Lair:2   | Reached ** piety under Vehumet
 12222 | Lair:2   | Noticed a four-headed hydra
 12256 | Lair:2   | Killed a four-headed hydra
 12257 | Lair:2   | Reached skill level 5 in Translocations
 13260 | Lair:3   | Reached skill level 10 in Fighting
 13462 | Lair:3   | Found a staircase to the Shoals.
 13579 | Lair:3   | Found a hole to the Spider Nest.
 13680 | Lair:3   | Identified the +6 chain mail of Iruira Juri {+Inv Regen+
                  | Int-4 Dex+7}
 13811 | Lair:4   | Offered knowledge of Static Discharge by Vehumet.
 13821 | Lair:4   | Noticed a seven-headed hydra
 13823 | Lair:4   | Reached skill level 10 in Fire Magic
 13826 | Lair:4   | Killed a seven-headed hydra
 13827 | Lair:4   | Reached XP level 12. HP: 76/106 MP: 24/25
 13943 | Lair:4   | Reached *** piety under Vehumet
 14459 | Lair:4   | Offered knowledge of Fulminant Prism by Vehumet.
 14460 | Lair:4   | Reached skill level 5 in Dodging
 15094 | Lair:5   | Noticed a death yak
 15113 | Lair:5   | Reached skill level 10 in Short Blades
 15122 | Lair:5   | Noticed a death yak
 15122 | Lair:5   | Noticed a death yak
 15122 | Lair:5   | Noticed a death yak
 15122 | Lair:5   | Noticed a death yak
 15122 | Lair:5   | Noticed a death yak
 15122 | Lair:5   | Noticed a death yak
 15122 | Lair:5   | Noticed a death yak
 15122 | Lair:5   | Noticed a death yak
 15122 | Lair:5   | Noticed a death yak
 15122 | Lair:5   | Noticed a death yak
 15248 | D:9      | Noticed Erolcha
 15248 | D:9      | Noticed a two-headed ogre
 15310 | D:9      | Learned a level 4 spell: Flame Wave
 15412 | D:8      | Killed a two-headed ogre
 15497 | D:8      | Killed Erolcha
 15598 | D:9      | Found a glowing silver altar of Zin.
 15730 | D:9      | Found a sacrificial altar of Ru.
 15884 | D:9      | Reached **** piety under Vehumet
 16008 | D:9      | Offered knowledge of Olgreb's Toxic Radiance by Vehumet.
 16383 | D:9      | Paralysed by a hornet for 2 turns
 16477 | D:10     | Entered Level 10 of the Dungeon
 16544 | D:10     | Found Cunweonn's Weapon Emporium.
 16934 | D:10     | Reached XP level 13. HP: 116/116 MP: 12/26
 17103 | D:10     | Found Fetuwn's Book Shop.
 17355 | D:10     | Found a staircase to the Orcish Mines.
 17433 | D:10     | Reached ***** piety under Vehumet
 17593 | D:10     | Offered knowledge of Orb of Destruction by Vehumet.
 19222 | D:12     | Got the Collected Works on Damaging Execration
 19250 | D:12     | Slain by a white ugly thing

Illustrated notes

Levels and vault maps discovered:
D:1:      nzn_arrival_water_spiral, layout_basic, serial_shops, shop,
          chequers_ecumenical_altar_simple
D:2:      layout_basic
D:3:      layout_rooms
D:4:      layout_basic
D:5:      layout_loops_corners, portal_sewer_entry_e, minmay_misc_feat_alley,
          sigmund_edmund_badplayer, uniq_sigmund
D:6:      layout_basic, chequers_temple_overflow_minitemple,
          minmay_temple_entry_mini_moons, small_statue_intersection,
          minmay_hedge_maze, minmay_fire_ice_demons
D:7:      layout_cave_pods, tgw_fedhas, gammafunk_temple_overflow_pools,
          serial_glass, glass_columns_a, glass_columns_c,
          hangedman_abyss_or_decor_passed, nicolae_elevator_lobby_asterisk,
          uniq_harold, uniq_pikel
D:8:      layout_layer_cave, grunt_lair_entry_orc_guard_hut, hex_large,
          mrwooster_statue_mirror
D:9:      cheibrodos_barr_body, layout_gridville, kennysheep_little_box,
          general_overflow_altar, uniq_erolcha
D:10:     layout_basic, hiddenorc2_lemuel, serial_shops,
          nicolae_shop_waterfront, shop
D:11:     layout_rooms
D:12:     layout_roguey, uniq_maurice
Temple:   nicolae_temple_no_exploring_needed
Lair:1:   layout_cellular_growth, basic_altar, lemuel_oklob_altar,
          grunt_megastairs_3, infiniplex_staircase_pool
Lair:2:   layout_chaotic_city
Lair:3:   layout_misc_corridors, minmay_shoals_entry_centaurs,
          hellmonk_spider_entry_life_and_decay, grunt_megastairs_1
Lair:4:   layout_regular_city
Lair:5:   layout_hall_layers, chequers_serial_rivers_micro_d,
          serial_bayou_lagoon_a, grunt_megastairs_5, uniq_kirke

Skill      XL: |  1  2  3  4  5  6  7  8  9 10 11 12 |
---------------+-------------------------------------+-----
Fighting       | 1 2 3 4 5 6 7 9 10 11 | 11.8
Spellcasting   | 3 4 5 7 8 9 |  9.0
Fire Magic     | 4 5 6 8 9 10 11 | 11.4
Short Blades   | 1 2 3 5 6 7 9 11 | 11.5
Translocations | 3 5 |  5.0
Dodging        | 4 6 |  6.5
Stealth        | |  1.7
Conjurations   | |  1.0

Action                   |  1- 3 |  4- 6 |  7- 9 | 10-12 | 13-15 || total
-------------------------+-------+-------+-------+-------+-------++-------
Melee: Unarmed           |     9 |       |       |       |       ||     9
       Club              |    13 |       |       |       |       ||    13
       Tailslap          |     4 |     3 |    10 |    34 |    13 ||    64
       Dagger            |    19 |     6 |    81 |   186 |    51 ||   343
       Punch             |     1 |     1 |     1 |       |       ||     3
       Short sword       |       |    29 |     4 |       |       ||    33
 Cast: Foxfire           |    61 |    62 |   120 |   339 |   144 ||   726
       Scorch            |       |    32 |    88 |    67 |     5 ||   192
       Inner Flame       |       |       |       |   124 |    24 ||   148
       Conjure Flame     |       |       |       |     5 |     5 ||    10
       Blink             |       |       |       |     1 |     1 ||     2
       Flame Wave        |       |       |       |     5 |     2 ||     7
 Abil: Breathe Acid      |       |       |     6 |     4 |     1 ||    11
Evoke: Wand              |       |       |       |       |     3 ||     3
  Use: Scroll            |       |       |    11 |    13 |     3 ||    27
       Potion            |       |       |       |       |     2 ||     2
 Stab: Sleeping          |     1 |       |       |       |       ||     1
Armor: Skin              |    10 |     8 |    39 |   129 |    29 ||   215
Dodge: Dodged            |    24 |    44 |    45 |   167 |    25 ||   305
       Repelled          |       |       |     1 |     1 |       ||     2
